[Event "Titled Tuesday Blitz January 04 2022"]
[White "Yilmaz, Mustafa"]
[Black "Moon_stone123"]
[WhiteFideId "6302718"]
[WhiteElo "2568"]
[BlackElo "2500"]
[Result "1-0"]
[Round "01"]
[TimeControl "180+1"]
[Date "2022.01.04"]
[WhiteClock "0:01:19"]
[BlackClock "0:00:57"]

1. c4 e5 2. Nc3 Nf6 3. Nf3 Nc6 4. e3 g6 5. d4 exd4 6. exd4 d5 7. Bg5 Be7 8. Bxf6 Bxf6 9. cxd5 Ne7 10. Bb5+ Bd7 11. Qb3 O-O 12. O-O Bxb5 13. Qxb5 Rb8 14. Rfe1 a6 15. Qb3 Nf5 16. Rad1 Re8 17. Ne4 Bg7 18. h3 Qd7 19. Ne5 Qd8 20. d6 Nxd6 21. Nxd6 Qxd6 22. Nxf7 Rxe1+ 23. Rxe1 Qf4 24. Nd8+ Kh8 25. Re8+ Bf8 26. Qf7 Qxf7 27. Nxf7+ Kg7 28. Rxb8 Kxf7 29. Rxb7 Bd6 30. Ra7 Ke6 31. Rxa6 Kd5 32. Ra4 Ke4 33. Kf1 Kd3 34. Ke1 Kc2 35. b3 1-0


[Site "https://www.chess.com"]

[Event "Titled Tuesday Blitz January 04 2022"]
[White "Yoo, Christopher Woojin"]
[Black "Viana Da Costa, Fernando"]
[WhiteFideId "30909694"]
[BlackFideId "2111900"]
[WhiteElo "2105"]
[BlackElo "2247"]
[Result "0-1"]
[Round "01"]
[TimeControl "180+1"]
[Date "2022.01.04"]
[WhiteClock "0:00:03"]
[BlackClock "0:00:06"]

1. e4 c5 2. Nf3 Nc6 3. Nc3 g6 4. Bb5 Bg7 5. O-O Nd4 6. Nxd4 cxd4 7. Ne2 a6 8. Ba4 b6 9. d3 e6 10. f4 Ne7 11. Qe1 O-O 12. Bd2 d6 13. Qf2 Bd7 14. Bxd7 Qxd7 15. Nxd4 Rfc8 16. c3 d5 17. e5 b5 18. g4 f6 19. exf6 Bxf6 20. Rae1 Bxd4 21. Qxd4 Nc6 22. Qf6 Re8 23. Re2 Qf7 24. Qxf7+ Kxf7 25. d4 Ne7 26. Rfe1 Ng8 27. g5 Rac8 28. Re3 h5 29. gxh6 Nxh6 30. Rh3 Rh8 31. Ree3 Nf5 32. Rd3 a5 33. Kg2 a4 34. Rxh8 Rxh8 35. Rh3 Rh5 36. Rxh5 gxh5 37. Kf3 Ke7 38. Ke2 Kd6 39. Kd3 Nh4 40. Be3 Nf3 41. h3 Nh4 42. b3 axb3 43. axb3 Nf5 44. Bf2 Kc6 45. Kc2 Nd6 46. Kb2 Ne4 47. Be1 Nd6 48. Ka3 Kb6 49. Kb4 Ne4 50. c4 bxc4 51. bxc4 dxc4 52. Kxc4 Kc6 53. Bb4 Nf2 54. h4 Nh3 55. Bd2 Ng1 56. Be3 Nf3 57. Bf2 Nh2 58. f5 exf5 59. d5+ Kd7 60. Kd4 Nf3+ 61. Ke3 Ne5 62. Bg3 Ng4+ 63. Kf4 Kd6 0-1


[Site "https://www.chess.com"]

[Event "Titled Tuesday Blitz January 04 2022"]
[White "Alexiadis, Hristos"]
[Black "Nakamura, Hikaru"]
[WhiteFideId "4249623"]
[BlackFideId "2016192"]
[WhiteElo "2416"]
[BlackElo "2850"]
[Result "1-0"]
[Round "02"]
[TimeControl "180+1"]
[Date "2022.01.04"]
[WhiteClock "0:00:17"]
[BlackClock "0:00:27"]

1. e4 g6 2. d4 Bg7 3. Nc3 a6 4. Bg5 b5 5. a4 b4 6. Nd5 a5 7. c3 Bb7 8. Bd3 Bxd5 9. exd5 Nf6 10. Qf3 O-O 11. Ne2 c6 12. dxc6 Nxc6 13. O-O Rc8 14. Ba6 Rc7 15. Bf4 d6 16. Rad1 bxc3 17. bxc3 Qa8 18. Bb5 Na7 19. Qxa8 Rxa8 20. Bd3 Nd5 21. Bd2 Nb6 22. Ra1 Nc4 23. Bg5 e5 24. Rfe1 h6 25. Be3 Nc8 26. Be4 Ra6 27. Reb1 Nxe3 28. fxe3 Ne7 29. Rb8+ Kh7 30. Rab1 d5 31. Bd3 Raa7 32. R1b5 e4 33. Bb1 h5 34. Ba2 Bh6 35. Kf2 Nf5 36. Bxd5 Bxe3+ 37. Ke1 Bh6 38. Bxe4 Nd6 39. Re5 Nc4 40. Ree8 Bd2+ 41. Kf2 Nd6 42. Rh8+ Kg7 43. Bd3 Bxc3 44. Rhg8+ Kf6 45. Rgd8 Ke7 46. Ke3 Rab7 47. Nf4 Rxb8 48. Rxb8 Kd7 49. Nd5 Rc6 50. Bb5 Nxb5 51. axb5 Re6+ 52. Kd3 Be1 53. Rb7+ Kd6 54. Nf4 Re7 55. Rb6+ Kd7 56. Nd5 Re6 57. Rb7+ Kc8 58. Rxf7 a4 59. Ra7 Rd6 60. Kc4 Re6 61. b6 Re2 62. Ne7+ Kd8 63. Nc6+ Ke8 64. b7 Rc2+ 65. Kd5 Rb2 66. b8=Q+ Rxb8 67. Nxb8 1-0


[Site "https://www.chess.com"]

[Event "Titled Tuesday Blitz January 04 2022"]
[White "Atakhan, Abtin"]
[Black "Babazada, Khazar"]
[WhiteFideId "22502203"]
[BlackFideId "13413554"]
[WhiteElo "2119"]
[BlackElo "2418"]
[Result "0-1"]
[Round "02"]
[TimeControl "180+1"]
[Date "2022.01.04"]
[WhiteClock "0:01:29"]
[BlackClock "0:01:42"]

1. e4 Nf6 2. e5 Nd5 3. d4 d6 4. Nf3 Nb6 5. a4 a5 6. Nc3 g6 7. exd6 cxd6 8. Bb5+ Bd7 9. O-O Bg7 10. Re1 Bxb5 11. axb5 O-O 12. Bg5 Re8 13. Qd2 N8d7 14. Bh6 Nf6 15. Bxg7 Kxg7 16. b3 Qc7 17. Ra2 Rec8 18. Ne2 a4 19. bxa4 Rxa4 20. Rxa4 Nxa4 21. Ra1 Qxc2 22. Qe3 Nb6 23. Qxe7 Re8 24. Qxb7 Rxe2 25. Qxb6 Rxf2 26. Nh4 Ne4 27. d5 Rd2 28. Qe3 Rd1+ 0-1


[Site "https://www.chess.com"]

[Event "Titled Tuesday Blitz January 04 2022"]
[White "Baskin, Robert"]
[Black "Martinez Alcantara, Jose Eduardo"]
[WhiteFideId "24662402"]
[BlackFideId "3805662"]
[WhiteElo "2488"]
[BlackElo "2690"]
[Result "0-1"]
[Round "02"]
[TimeControl "180+1"]
[Date "2022.01.04"]
[WhiteClock "0:00:01"]
[BlackClock "0:00:08"]

1. e4 c5 2. Nf3 d6 3. d4 cxd4 4. Nxd4 Nf6 5. Nc3 a6 6. Be3 e5 7. Nb3 Be7 8. f3 Be6 9. Qd2 h5 10. Nd5 Bxd5 11. exd5 Nbd7 12. O-O-O Qc7 13. Kb1 Nb6 14. Qa5 Rc8 15. Bxa6 bxa6 16. Qxb6 Qxc2+ 17. Ka1 O-O 18. Rd2 Qc4 19. Rhd1 Nd7 20. Qa5 Rc7 21. Rf2 Rfc8 22. Qd2 Qa4 23. Qa5 Qc4 24. Qd2 Qb5 25. Qd3 Qa4 26. Rc1 Rxc1+ 27. Bxc1 Nf6 28. Bg5 Qb4 29. Rc2 Rxc2 30. Qxc2 Qe1+ 31. Nc1 Nxd5 32. Qc8+ Bf8 33. a3 Qf1 0-1


[Site "https://www.chess.com"]

[Event "Titled Tuesday Blitz January 04 2022"]
[White "Costachi, Mihnea"]
[Black "Chizhikov, Vladislav"]
[WhiteFideId "1217518"]
[BlackFideId "4178157"]
[WhiteElo "2464"]
[BlackElo "2120"]
[Result "1-0"]
[Round "02"]
[TimeControl "180+1"]
[Date "2022.01.04"]
[WhiteClock "0:00:44"]
[BlackClock "0:00:50"]

1. e4 e6 2. Qe2 Be7 3. g3 d5 4. d3 Nc6 5. c3 dxe4 6. dxe4 Nf6 7. Bg2 O-O 8. Nf3 e5 9. h3 h6 10. O-O Be6 11. Rd1 Bd6 12. Nbd2 Qe7 13. Nc4 Rfd8 14. Nxd6 Rxd6 15. Rxd6 Qxd6 16. Nh4 Rd8 17. Be3 b6 18. Nf5 Qd7 19. g4 Ne7 20. Nxe7+ Qxe7 21. g5 Nh7 22. gxh6 g5 23. Rd1 f6 24. a3 Nf8 25. h4 g4 26. f3 gxf3 27. Bxf3 Kh7 28. Bg4 Rxd1+ 29. Qxd1 Ng6 30. Bf5 Bxf5 31. exf5 Nh8 32. Qg4 Qd7 33. Kf2 a5 34. b4 axb4 35. cxb4 b5 36. h5 c6 37. Kg3 Qc7 38. Kf3 Qf7 39. Ke2 Qa2+ 40. Bd2 Qf7 41. Qg6+ Nxg6 42. hxg6+ Qxg6 43. fxg6+ Kxg6 44. Kf3 Kh7 45. Ke4 Kg6 46. Bc1 1-0


[Site "https://www.chess.com"]

[Event "Titled Tuesday Blitz January 04 2022"]
[White "Deac, Bogdan-Daniel"]
[Black "Manukyan, Artyom"]
[WhiteFideId "1226380"]
[BlackFideId "13305786"]
[WhiteElo "2646"]
[BlackElo "2034"]
[Result "1-0"]
[Round "02"]
[TimeControl "180+1"]
[Date "2022.01.04"]
[WhiteClock "0:00:44"]
[BlackClock "0:00:01"]

1. b3 d5 2. Bb2 Bf5 3. c4 e6 4. cxd5 exd5 5. e3 Nf6 6. Qf3 Be4 7. Bxf6 gxf6 8. Qf4 Bd6 9. Qh4 c6 10. Nc3 Bg6 11. Nf3 Nd7 12. Be2 Qe7 13. Nd4 Ne5 14. O-O f5 15. Qh3 Qf6 16. f4 Nd7 17. Bd3 Nc5 18. Bxf5 O-O 19. Rf3 Ne4 20. Bxe4 dxe4 21. Rg3 Bxf4 22. Rf1 Qe5 1-0


[Site "https://www.chess.com"]

[Event "Titled Tuesday Blitz January 04 2022"]
[White "Diaz Camallonga, Carles"]
[Black "Aghasiyev, Kamal"]
[WhiteFideId "22235256"]
[BlackFideId "13402854"]
[WhiteElo "2438"]
[BlackElo "2210"]
[Result "0-1"]
[Round "02"]
[TimeControl "180+1"]
[Date "2022.01.04"]
[WhiteClock "0:00:05"]
[BlackClock "0:00:09"]

1. e4 c5 2. Nf3 Nc6 3. d4 cxd4 4. Nxd4 g6 5. c4 Bg7 6. Be3 Nf6 7. Nc3 Nxd4 8. Bxd4 d6 9. Be2 O-O 10. O-O Be6 11. b3 Qa5 12. Rc1 Rac8 13. f4 a6 14. a4 Nd7 15. Bxg7 Kxg7 16. f5 gxf5 17. exf5 Bxf5 18. Nd5 Qc5+ 19. Kh1 e6 20. b4 Qc6 21. Ne7 Qc7 22. Qd4+ Ne5 23. Nxc8 Rxc8 24. c5 d5 25. b5 axb5 26. axb5 Kg8 27. Rc3 Bg6 28. h4 Be4 29. Qe3 f5 30. Qh6 Ng6 31. h5 Nf8 32. Rg3+ Qxg3 33. Bf3 Rxc5 34. Bxe4 dxe4 35. Qf6 Rc2 36. Rg1 Re2 37. h6 Qg6 38. Qh4 Kf7 39. b6 Nd7 40. Kh2 Nf6 41. Qf4 Qxh6+ 42. Qxh6 Ng4+ 43. Kg3 Nxh6 44. Rc1 Kf6 45. Rc7 Nf7 46. Rxb7 Rb2 47. Rb8 e3 48. Kf3 Rb3 49. b7 e5 50. g3 h5 51. Ke2 f4 52. gxf4 exf4 53. Kf3 Kf5 54. Ke2 Ne5 55. Rf8+ Ke4 56. b8=Q f3+ 57. Kd1 Rxb8 58. Rxb8 Nc6 59. Re8+ Kd3 60. Rf8 Nd4 61. Rf4 e2+ 62. Ke1 Nc2+ 63. Kf2 e1=Q+ 64. Kxf3 Nd4+ 65. Kg2 Qd2+ 66. Rf2 Qg5+ 67. Kf1 Ne2 68. Rf3+ Kd2 69. Kf2 Qh4+ 70. Kg2 Qg4+ 71. Kf2 Qg1# 0-1


[Site "https://www.chess.com"]

[Event "Titled Tuesday Blitz January 04 2022"]
[White "Firat, Burak"]
[Black "Narayanan.S.L"]
[WhiteFideId "6305881"]
[BlackFideId "5058422"]
[WhiteElo "2419"]
[BlackElo "2494"]
[Result "0-1"]
[Round "02"]
[TimeControl "180+1"]
[Date "2022.01.04"]
[WhiteClock "0:00:11"]
[BlackClock "0:00:35"]

1. Nf3 Nc6 2. d4 d5 3. c4 e5 4. dxe5 d4 5. Nbd2 Nge7 6. Nb3 Nf5 7. g3 Be6 8. Bg5 Bb4+ 9. Nbd2 Be7 10. Bxe7 Qxe7 11. Bg2 O-O 12. O-O Rad8 13. a3 Bc8 14. b4 Nxe5 15. Nxe5 Qxe5 16. Nf3 Qe7 17. c5 Rfe8 18. Re1 c6 19. Qa4 a6 20. Rad1 h6 21. Qc2 Qf6 22. Rd2 Re7 23. e4 Rde8 24. Ree2 Rd8 25. exf5 Rxe2 26. Rxe2 d3 27. Qd2 dxe2 28. Qxe2 Bxf5 29. h3 Be6 30. Ne5 Bd5 31. Bxd5 Rxd5 32. Nc4 Qe6 33. Qxe6 fxe6 34. Nd6 b5 35. Nc8 Rd7 36. Kf1 e5 37. Ke2 Kf7 38. Ke3 Ke6 39. Nd6 Rxd6 40. cxd6 Kxd6 41. Ke4 c5 42. bxc5+ Kxc5 43. Kxe5 a5 44. Ke4 Kc4 45. Ke3 Kc3 0-1


[Site "https://www.chess.com"]

[Event "Titled Tuesday Blitz January 04 2022"]
[White "Galyas, Miklos"]
[Black "Timofeev, Artyom"]
[WhiteFideId "707244"]
[BlackFideId "4140419"]
[WhiteElo "2409"]
[BlackElo "2583"]
[Result "0-1"]
[Round "02"]
[TimeControl "180+1"]
[Date "2022.01.04"]
[WhiteClock "0:00:32"]
[BlackClock "0:00:36"]

1. c4 e6 2. g3 d5 3. Bg2 c6 4. Nf3 Nf6 5. O-O Nbd7 6. b3 Be7 7. Bb2 O-O 8. e3 b6 9. Nc3 Bb7 10. Qe2 Bd6 11. Nh4 g6 12. f4 c5 13. g4 Ne4 14. g5 Nxc3 15. Bxc3 Qe7 16. Nf3 Rad8 17. Ne5 Bxe5 18. fxe5 Qxg5 19. Rf4 d4 20. h4 Qh6 21. Bb2 Bxg2 22. Qxg2 Nxe5 23. Qe4 Qh5 24. Raf1 Nd7 25. exd4 cxd4 26. Bxd4 e5 27. Rf5 gxf5 28. Rxf5 Qg6+ 29. Rg5 exd4 30. Rxg6+ hxg6 31. Qxd4 Nc5 32. Qf4 Ne6 33. Qh6 Rd3 34. h5 Rfd8 35. hxg6 Rg3+ 36. Kf2 Rxg6 37. Qe3 Rg4 38. d3 Rgd4 39. Qg3+ Kf8 40. Qh2 Rxd3 41. Qh8+ Ke7 42. Qh4+ Kd7 43. Qe4 Kc7 44. Qf5 R8d7 45. Qb5 Rd2+ 46. Ke3 Re2+ 0-1


[Site "https://www.chess.com"]

[Event "Titled Tuesday Blitz January 04 2022"]
[White "Grinev, Valeriy"]
[Black "Xiong, Jeffery"]
[WhiteFideId "14117517"]
[BlackFideId "2047640"]
[WhiteElo "2345"]
[BlackElo "2727"]
[Result "0-1"]
[Round "02"]
[TimeControl "180+1"]
[Date "2022.01.04"]
[WhiteClock "0:00:34"]
[BlackClock "0:02:11"]

1. d4 d5 2. c4 dxc4 3. e3 Nf6 4. Nf3 e6 5. Bxc4 a6 6. Qe2 b5 7. Bb3 Bb7 8. O-O Nbd7 9. a4 b4 10. Nbd2 Be7 11. Nc4 O-O 12. Na5 Be4 13. Nd2 c5 14. Nxe4 Qxa5 15. Nxf6+ Bxf6 16. d5 exd5 17. Bxd5 Rad8 18. Bc4 Ra8 19. Rd1 Nb6 20. Ra2 Rfd8 21. Rxd8+ Rxd8 22. b3 Nxc4 23. bxc4 b3 24. Rd2 Rxd2 25. Bxd2 Qxa4 0-1


[Site "https://www.chess.com"]

[Event "Titled Tuesday Blitz January 04 2022"]
[White "Guseinov, Gadir"]
[Black "Postnikov, Daniil"]
[WhiteFideId "13401378"]
[BlackFideId "4166329"]
[WhiteElo "2581"]
[BlackElo "2261"]
[Result "1-0"]
[Round "02"]
[TimeControl "180+1"]
[Date "2022.01.04"]
[WhiteClock "0:01:02"]
[BlackClock "0:00:03"]

1. e4 e6 2. d4 d5 3. e5 c5 4. c3 Nc6 5. Nf3 Qb6 6. Be2 Nge7 7. Na3 cxd4 8. cxd4 Nf5 9. Nc2 Nb4 10. Nxb4 Bxb4+ 11. Kf1 Bd7 12. g4 Nh6 13. Bxh6 gxh6 14. Qc1 Bf8 15. b3 Rg8 16. Qf4 Bb5 17. Bxb5+ Qxb5+ 18. Kg2 h5 19. h3 Be7 20. Rac1 Qd7 21. Rc2 Rc8 22. Rhc1 Rxc2 23. Rxc2 hxg4 24. hxg4 h5 25. Nh2 Bd8 26. a4 Qe7 27. Rc3 Qh4 28. Rh3 Qe7 29. Rxh5 Qb4 30. Rh7 Rf8 31. Rh3 Bb6 32. Rd3 Rg8 33. Nf3 Bd8 34. Kg3 Qe7 35. Rd1 Rh8 36. Rc1 Qf8 37. Kg2 Qg7 38. Rh1 Rg8 39. Kg3 Qg6 40. Rc1 Qd3 41. Rc8 Qxb3 42. Qf6 Qb6 43. Ng5 Rf8 44. Nh7 Kd7 45. Nxf8+ Kxc8 46. Qxf7 Qxd4 47. Qxe6+ Kb8 48. Qd6+ Bc7 49. Qxc7+ Kxc7 50. Ne6+ 1-0


[Site "https://www.chess.com"]

[Event "Titled Tuesday Blitz January 04 2022"]
[White "Hakobyan, Aram"]
[Black "Hjartarson, Johann"]
[WhiteFideId "13306677"]
[BlackFideId "2300044"]
[WhiteElo "2557"]
[BlackElo "2484"]
[Result "1-0"]
[Round "02"]
[TimeControl "180+1"]
[Date "2022.01.04"]
[WhiteClock "0:00:25"]
[BlackClock "0:00:30"]

1. d4 Nf6 2. c4 g6 3. Nc3 Bg7 4. Bg5 O-O 5. Nf3 d6 6. e3 c5 7. Be2 Nc6 8. d5 Na5 9. O-O h6 10. Bh4 g5 11. Bg3 Nh5 12. Qc2 Nxg3 13. hxg3 a6 14. Rab1 Rb8 15. a3 b6 16. b4 Nb7 17. Bd3 Bd7 18. Rfc1 cxb4 19. axb4 a5 20. Nd4 axb4 21. Rxb4 Nc5 22. Bh7+ Kh8 23. Bf5 e6 24. dxe6 fxe6 25. Bh3 e5 26. Nf5 e4 27. Nxg7 g4 28. Nh5 gxh3 29. Nf4 Qe8 30. Ncd5 hxg2 31. Qc3+ Kh7 32. Nf6+ Rxf6 33. Qxf6 Qf8 34. Qg6+ Kh8 35. Rd1 Ra8 36. Rbb1 1-0


[Site "https://www.chess.com"]

[Event "Titled Tuesday Blitz January 04 2022"]
[White "Hasangatin, Ramil"]
[Black "Holt, Conrad"]
[WhiteFideId "4122160"]
[BlackFideId "2034387"]
[WhiteElo "2375"]
[BlackElo "2586"]
[Result "1/2-1/2"]
[Round "02"]
[TimeControl "180+1"]
[Date "2022.01.04"]
[WhiteClock "0:00:07"]
[BlackClock "0:00:14"]

1. e4 e6 2. d3 d5 3. Qe2 Nc6 4. Nf3 Nge7 5. g3 e5 6. Bg2 Bg4 7. c3 dxe4 8. dxe4 Qd7 9. h3 Bh5 10. O-O Rd8 11. Re1 Qc8 12. b4 f6 13. Nbd2 Bf7 14. Nc4 Ng6 15. h4 Be7 16. Ne3 O-O 17. Nf5 Rfe8 18. h5 Nf8 19. h6 Ne6 20. hxg7 Bg6 21. N3h4 Nxg7 22. Bh3 Nxf5 23. Bxf5 Bxf5 24. Nxf5 Bf8 25. Be3 Qe6 26. Rad1 Ne7 27. Nh4 a6 28. a4 Ng6 29. Nf5 Qb3 30. Rc1 Rd7 31. a5 Red8 32. Qh5 Rd3 33. Bc5 Bxc5 34. bxc5 Qc4 35. Nh6+ Kg7 36. Nf5+ Kh8 37. Qh6 R3d7 38. Nh4 Rg8 39. Rcd1 Rf7 40. Nxg6+ Rxg6 41. Rd8+ Rg8 42. Rxg8+ Kxg8 43. Rd1 Qxc5 44. Rd8+ Rf8 45. Rd7 Rf7 46. Rd8+ Rf8 47. Rd7 Rf7 48. Rd8+ 1/2-1/2


[Site "https://www.chess.com"]

[Event "Titled Tuesday Blitz January 04 2022"]
[White "Horobetz, Graham"]
[Black "Albornoz Cabrera, Carlos Daniel"]
[WhiteFideId "2047322"]
[BlackFideId "3518736"]
[WhiteElo "2602"]
[BlackElo "2490"]
[Result "1/2-1/2"]
[Round "02"]
[TimeControl "180+1"]
[Date "2022.01.04"]
[WhiteClock "0:00:10"]
[BlackClock "0:00:14"]

1. e4 c6 2. d4 d5 3. Nc3 dxe4 4. Nxe4 Nf6 5. Nxf6+ gxf6 6. c3 Bf5 7. Nf3 e6 8. g3 Nd7 9. Bg2 Bd6 10. O-O Qc7 11. Re1 O-O-O 12. Nh4 Bg6 13. c4 Kb8 14. Nxg6 hxg6 15. Be3 e5 16. dxe5 Bxe5 17. Qa4 Nb6 18. Qc2 Rd7 19. a4 Rhd8 20. a5 Nc8 21. a6 b6 22. Qe4 Ne7 23. c5 b5 24. h4 Nd5 25. Bd2 Ne7 26. Ba5 Qc8 27. Bxd8 Qxd8 28. Bf3 Bd4 29. Rad1 Bxc5 30. Rc1 Qb6 31. Rc2 Rd4 32. Qe2 Kc7 33. Rec1 Bd6 34. Qxe7+ Bxe7 35. Rxc6+ Qxc6 36. Rxc6+ Kd7 37. Rc2 b4 38. Kg2 Rd6 39. Bb7 Rb6 40. Rc4 Bd6 41. b3 Ke7 42. Kf3 Rb5 43. Ke4 Re5+ 44. Kd3 Re1 45. Re4+ Rxe4 46. Kxe4 Bc5 47. Kf3 f5 48. Bc8 Kf6 49. Bb7 Ke5 50. Ke2 f4 51. Kf3 fxg3 52. fxg3 f6 53. g4 Bd4 54. h5 gxh5 55. gxh5 Kf5 56. Be4+ Kg5 57. Bg6 f5 58. Kg3 Bb2 59. Kf3 Bc1 60. Be8 Kf6 61. Bg6 Bh6 62. Be8 Ke5 63. Bb5 Kd4 64. Bc4 Kc5 65. Bf7 Kd4 66. Bc4 Ke5 67. Bf7 f4 68. Bc4 Kf5 69. Bf7 Kg5 70. Be8 Bf8 71. Bg6 Kf6 72. Be8 Bh6 73. Bg6 Ke5 74. Be8 Kd4 75. Bf7 Kc5 76. Bc4 Kb6 77. Ke4 Kc5 78. Be2 Kd6 79. Bc4 Ke7 80. Kf3 Kf6 81. Bd5 Kg5 82. Bf7 Bf8 83. Be8 Bd6 84. Bf7 Bc7 85. Be8 Bd6 86. Bg6 Bc7 87. Be8 Bd6 1/2-1/2


[Site "https://www.chess.com"]

[Event "Titled Tuesday Blitz January 04 2022"]
[White "Howell, David W L"]
[Black "Bellissimo, Joseph F."]
[WhiteFideId "410608"]
[BlackFideId "2609843"]
[WhiteElo "2559"]
[BlackElo "2061"]
[Result "1-0"]
[Round "02"]
[TimeControl "180+1"]
[Date "2022.01.04"]
[WhiteClock "0:01:40"]
[BlackClock "0:01:10"]

1. e4 e6 2. d4 d5 3. e5 c5 4. c3 Nc6 5. Nf3 Qb6 6. Be2 Nh6 7. Bxh6 Qxb2 8. Be3 Qxa1 9. Qc2 cxd4 10. Nxd4 Nxe5 11. Nb3 Qxb1+ 12. Qxb1 Bd7 13. O-O Bd6 14. Nc5 Bc6 15. Nxb7 Bxb7 16. Qxb7 O-O 17. Qa6 Bc7 18. Rb1 Rfc8 19. g3 Nd7 20. Rb7 Nb8 21. Qa4 Bd6 22. Bf4 e5 23. Bd2 Nc6 24. Bg4 Rcb8 25. Qxc6 Rxb7 26. Qxb7 Rb8 27. Qxa7 g6 28. Qd7 Bf8 29. Qxd5 h5 30. Be2 h4 31. Bc4 h3 32. Qxf7+ Kh8 33. Bb3 Bg7 34. Qxg6 Rd8 35. Qh5+ 1-0


[Site "https://www.chess.com"]

[Event "Titled Tuesday Blitz January 04 2022"]
[White "Ibrahimli, Murad"]
[Black "Maltsevskaya, Aleksandra"]
[WhiteFideId "13410229"]
[BlackFideId "24174041"]
[WhiteElo "2109"]
[BlackElo "2283"]
[Result "1-0"]
[Round "02"]
[TimeControl "180+1"]
[Date "2022.01.04"]
[WhiteClock "0:00:36"]
[BlackClock "0:00:03"]

1. d4 Nf6 2. c4 b6 3. Nc3 Bb7 4. Qc2 d5 5. cxd5 Nxd5 6. Nf3 e6 7. e4 Nxc3 8. bxc3 Be7 9. Bb5+ c6 10. Bd3 O-O 11. e5 g6 12. Be4 Qd7 13. Bh6 Rc8 14. Rd1 Na6 15. h4 c5 16. dxc5 Qc7 17. h5 Nxc5 18. Bxb7 Qxb7 19. hxg6 hxg6 20. Rd4 Rd8 21. O-O Rac8 22. Rg4 Rd3 23. Ne1 Rcd8 24. Nxd3 Rxd3 25. Be3 Qd5 26. Rd4 Rxd4 27. cxd4 Ne4 28. Rc1 Kg7 29. Qc7 Bb4 30. Qc6 Nc3 31. Qxd5 Nxd5 32. Rc2 Kf8 33. Kf1 Ke7 34. Bg5+ Kd7 35. Ke2 a5 36. Bd2 Be7 37. a4 Bb4 38. g3 Bxd2 39. Kxd2 Nb4 40. Rc4 Nc6 41. Kd3 Nb4+ 42. Ke4 Nd5 43. f4 Nc7 44. g4 Nd5 45. f5 gxf5+ 46. gxf5 Ne7 47. f6 Nd5 48. Rc1 Nb4 49. Rh1 Nd5 50. Kd3 Kc6 51. Rh7 b5 52. axb5+ Kxb5 53. Rxf7 a4 54. Ra7 1-0


[Site "https://www.chess.com"]

[Event "Titled Tuesday Blitz January 04 2022"]
[White "Kalashian, David"]
[Black "Yilmaz, Mustafa"]
[WhiteFideId "13302418"]
[BlackFideId "6302718"]
[WhiteElo "2490"]
[BlackElo "2568"]
[Result "0-1"]
[Round "02"]
[TimeControl "180+1"]
[Date "2022.01.04"]
[WhiteClock "0:00:02"]
[BlackClock "0:00:34"]

1. d4 d5 2. Nf3 Nf6 3. c4 c6 4. Qc2 g6 5. g3 Bg7 6. Bg2 O-O 7. O-O Bf5 8. Qb3 Qb6 9. Nc3 dxc4 10. Qxc4 Na6 11. Re1 Be6 12. Qa4 Rfd8 13. e4 c5 14. d5 Bd7 15. Qd1 Bg4 16. h3 Bxf3 17. Qxf3 Nb4 18. Qe2 c4 19. Be3 Qa6 20. Red1 Nd7 21. Bd4 Nd3 22. Bxg7 Kxg7 23. b3 N7c5 24. Bf1 Rac8 25. Rab1 b5 26. bxc4 bxc4 27. Qe3 Qf6 28. Ne2 Nxe4 29. Qxe4 Nxf2 30. Qd4 Nxd1 31. Qxd1 c3 32. Rc1 Qe5 33. Bg2 e6 34. Qd3 exd5 35. Rxc3 Rxc3 36. Nxc3 d4 37. Ne4 f5 38. Ng5 h6 39. Nf3 Qe3+ 40. Qxe3 dxe3 41. Kf1 g5 42. Ke2 f4 43. gxf4 gxf4 44. Ne1 Rd2+ 45. Kf1 Kf6 46. a4 Kf5 47. Bf3 Rf2+ 48. Kg1 Ra2 49. Bg4+ Ke4 0-1


[Site "https://www.chess.com"]

[Event "Titled Tuesday Blitz January 04 2022"]
[White "Kim, Sergey"]
[Black "Jones, Gawain C B"]
[WhiteFideId "13700570"]
[BlackFideId "409561"]
[WhiteElo "2593"]
[BlackElo "2657"]
[Result "1-0"]
[Round "02"]
[TimeControl "180+1"]
[Date "2022.01.04"]
[WhiteClock "0:01:11"]
[BlackClock "0:00:12"]

1. d4 Nf6 2. c4 g6 3. Nc3 Bg7 4. e4 d6 5. Nge2 O-O 6. Ng3 h5 7. h4 Nc6 8. d5 Ne5 9. Be2 e6 10. Bg5 exd5 11. cxd5 c6 12. Qd2 Qb6 13. O-O Nfg4 14. dxc6 bxc6 15. Qxd6 Qxb2 16. Rac1 Be6 17. f4 Qb6+ 18. Kh1 Qe3 19. Bf3 Nxf3 20. gxf3 Nf2+ 21. Kg2 Bh3+ 22. Kh2 Bxc3 23. Rxc3 Qxc3 24. Rxf2 Qe3 25. Nh1 Bc8 26. Bh6 Ba6 27. Qf6 1-0


[Site "https://www.chess.com"]

[Event "Titled Tuesday Blitz January 04 2022"]
[White "Koellner, Ruben Gideon"]
[Black "Tsydypov, Zhamsaran"]
[WhiteFideId "12993093"]
[BlackFideId "4108566"]
[WhiteElo "2603"]
[BlackElo "2614"]
[Result "0-1"]
[Round "02"]
[TimeControl "180+1"]
[Date "2022.01.04"]
[WhiteClock "0:00:08"]
[BlackClock "0:01:18"]

1. d4 Nf6 2. Bg5 Ne4 3. Bf4 c5 4. f3 Nf6 5. dxc5 Qa5+ 6. Nc3 Qxc5 7. e4 d6 8. Qd2 g6 9. O-O-O Bg7 10. e5 Nh5 11. Be3 Qxe5 12. g4 Nf6 13. Bb5+ Nc6 14. Bd4 Qe6 15. Nh3 O-O 16. Ng5 Qd7 17. h4 a6 18. Bxc6 bxc6 19. h5 e5 20. Be3 d5 21. hxg6 fxg6 22. Qh2 h6 23. Nge4 Nxe4 24. fxe4 d4 25. Bxh6 Bxh6+ 26. Qxh6 Qg7 27. Na4 Qxh6+ 28. Rxh6 Kg7 29. Rdh1 Bxg4 30. Rh7+ Kf6 31. Nc5 Kg5 32. Rg1 Rae8 33. a4 Rf4 34. b3 a5 35. Ra7 Kh6 36. Rxa5 Bf3 37. Re1 g5 38. Nd3 Rxe4 39. Rxe4 Bxe4 40. Rxe5 Rxe5 41. Nxe5 Kh5 42. Kd2 g4 43. Nxg4 Kxg4 44. c3 c5 45. b4 cxb4 0-1


[Site "https://www.chess.com"]

[Event "Titled Tuesday Blitz January 04 2022"]
[White "Lenderman, Aleksandr"]
[Black "Janaszak, Dawid"]
[WhiteFideId "2021285"]
[BlackFideId "1119206"]
[WhiteElo "2651"]
[BlackElo "2199"]
[Result "1-0"]
[Round "02"]
[TimeControl "180+1"]
[Date "2022.01.04"]
[WhiteClock "0:00:59"]
[BlackClock "0:00:08"]

1. Nf3 g6 2. d4 Bg7 3. c4 Nf6 4. Nc3 O-O 5. e4 d6 6. Be2 c5 7. O-O cxd4 8. Nxd4 Nc6 9. Be3 Bd7 10. f3 Nxd4 11. Bxd4 Bc6 12. Qd2 Nd7 13. Be3 a5 14. b3 Nc5 15. Rac1 Qb6 16. Rc2 Rfc8 17. Rb1 Qd8 18. Kh1 h5 19. Nd5 Bxd5 20. exd5 Qf8 21. Bf1 Kh7 22. Qe1 Rc7 23. Bf2 Bf6 24. Rd1 Qg7 25. Be3 Be5 26. Qh4 Bf6 27. Qh3 Kg8 28. g3 Na6 29. Bb6 Nb4 30. Re2 Rcc8 31. Bxa5 Na6 32. Be1 b5 33. cxb5 Nc5 34. Rc2 Rcb8 35. Bc4 Be5 36. Rg2 Qf6 37. g4 Bf4 38. gxh5 Kg7 39. Bh4 Qc3 40. hxg6 fxg6 41. Qf5 Qxf3 42. Qxg6+ Kh8 43. Qg7# 1-0


[Site "https://www.chess.com"]

[Event "Titled Tuesday Blitz January 04 2022"]
[White "Maghsoodloo, Parham"]
[Black "Sargsyan, Anna M."]
[WhiteFideId "12539929"]
[BlackFideId "13308130"]
[WhiteElo "2630"]
[BlackElo "2271"]
[Result "1-0"]
[Round "02"]
[TimeControl "180+1"]
[Date "2022.01.04"]
[WhiteClock "0:00:57"]
[BlackClock "0:00:02"]

1. e4 e5 2. Nf3 Nc6 3. Bb5 a6 4. Ba4 Nf6 5. O-O Nxe4 6. d4 b5 7. Bb3 d5 8. dxe5 Be6 9. Nbd2 Be7 10. c3 O-O 11. Bc2 f5 12. Nb3 Qd7 13. Re1 b4 14. Nfd4 bxc3 15. f3 Nxd4 16. Nxd4 cxb2 17. Bxb2 Nc5 18. Ba3 c6 19. Rc1 Qa7 20. Nxc6 Qd7 21. Nxe7+ Qxe7 22. Qd4 Rfc8 23. Bb1 Nb3 24. Qb2 Qa7+ 25. Qf2 Qxf2+ 26. Kxf2 Nxc1 27. Bxc1 Kf7 28. Bd3 a5 29. a4 Rab8 30. Bb5 d4 31. Kg3 Rc2 32. h4 h6 33. Bf4 Rb6 34. Rd1 Bc4 35. Bd7 Be6 36. Rxd4 Bxd7 37. Rxd7+ Kg8 38. Be3 Rbb2 39. e6 Rxg2+ 40. Kf4 Rb4+ 41. Kxf5 Re2 42. Bd4 Kf8 43. Bc5+ Ke8 44. Rxg7 Rc4 45. Rg8# 1-0


[Site "https://www.chess.com"]